 Dungeon Crawl Stone Soup version 0.23.2-11-gf996548c65 (webtiles) character file.

Game seed: 6921098498643627859

196 OfficialHLT the Shield-Bearer (level 5, -3/46 HPs)
             Began as a Minotaur Fighter on June 4, 2019.
             Slain by Grinder (6 damage)
             ... on level 3 of the Dungeon.
             The game lasted 00:18:41 (1910 turns).

OfficialHLT the Shield-Bearer (Minotaur Fighter)    Turns: 1910, Time: 00:18:42

Health: -3/46      AC: 10    Str: 20 (22) XL:     5   Next: 45%
Magic:  4/4        EV: 11    Int:  2 (5)  God:
Gold:   76         SH:  9    Dex:  7 (9)  Spells: 4/4 levels left

rFire    . . .     SeeInvis .   a - +0 war axe
rCold    . . .     Gourm    .   c - +0 shield
rNeg     . . .     Faith    .   k - +0 chain mail
rPois    .         Spirit   .   (helmet restricted)
rElec    .         Reflect  .   (no cloak)
rCorr    .         Harm     .   (no gloves)
MR       .....                  n - +0 pair of boots
Stlth    ..........             (no amulet)
HPRegen  0.15/turn              o - +6 ring of evasion
MPRegen  0.09/turn              (no ring)

@: no status effects
A: retaliatory headbutt, horns 2
a: no special abilities


You were on level 3 of the Dungeon.
You were not hungry.

You visited 1 branch of the dungeon, and saw 3 of its levels.

You collected 76 gold pieces.

Inventory:

Hand Weapons
 a - a +0 war axe (weapon)
 d - a +2 whip of electrocution
 q - a +0 club
Missiles
 e - 58 stones (quivered)
Armour
 b - a +0 scale mail
 c - a +0 shield (worn)
 k - a +0 chain mail (worn)
 n - a +0 pair of boots (worn)
 r - a cursed +0 ring mail
Jewellery
 o - a +6 ring of evasion (left hand)
 y - an uncursed amulet of the acrobat {unknown}
Wands
 w - a wand of scattershot (6)
Scrolls
 h - a scroll of fog {unknown}
 i - a scroll of remove curse {unknown}
 j - a scroll of identify
 l - a scroll of teleportation {unknown}
 p - 3 scrolls of amnesia {unknown}
 t - a scroll of magic mapping {unknown}
 z - a scroll of enchant weapon {unknown}
 A - a scroll of blinking {unknown}
 B - a scroll of immolation {unknown}
Potions
 m - a potion of resistance {unknown}
 s - 3 potions of degeneration
 u - a potion of flight {unknown}
 v - 2 potions of curing {unknown}
 x - a potion of lignification {unknown}
Comestibles
 f - 6 rations


   Skills:
 + Level 4.3 Fighting
 + Level 4.5 Axes
 + Level 4.8 Armour
 + Level 0.1 Dodging
 + Level 5.0 Shields


You had 4 spell levels left.
You didn't know any spells.
Your spell library was empty.

Dungeon Overview and Level Annotations

Branches:
Dungeon (3/15)

Altars:
Dithmenos
Kikubaaqudgha

Annotations:
D:3 Grinder


Innate Abilities, Weirdness & Mutations

You reflexively headbutt those who attack you in melee.
You have a pair of horns on your head.


Message History

You headbutt Grinder!
Grinder is moderately wounded.
You hit the kobold. Grinder gestures at you. Pain shoots through your body!
* * * LOW HITPOINT WARNING * * *
You block the kobold's attack.
It was a potion of degeneration.
There was something very wrong with that liquid.
You feel weakened.
You feel dopey.
You feel clumsy. You block Grinder's attack. You block the kobold's attack.
You closely miss Grinder.
Grinder is moderately wounded.
Your chain mail prevents you from hitting the kobold.
Grinder says, "Are you a fish?" Grinder barely misses you.
You furiously retaliate!
You headbutt Grinder! The kobold hits you but does no damage. Grinder hits you.
* * * LOW HITPOINT WARNING * * *
You writhe in agony.
You die...

### ###### #..
...... #.# ########
#####.####.((....
####.....))...######
.........))### #
##.####.##.# #
#.......##.########
#.@#######.........
#K5# ##########
...S. # #.#..##
......# .##.##.# # .
#.# ##### # #.. ...#
#.###


You could see Grinder, an adder and a kobold.

Vanquished Creatures
  An orc priest (D:3)
  4 gnolls (D:2)
  5 adders
  An ooze (D:1)
  3 worms (D:2)
  3 dart slugs (D:1)
  A leopard gecko (D:1)
  4 orcs (D:3)
  4 giant cockroaches
  4 goblins
  8 hobgoblins
  2 quokkas (D:3)
  3 ball pythons
  8 bats
  3 frilled lizards
  3 kobolds (D:1)
  10 rats
67 creatures vanquished.

Notes
Turn   | Place    | Note
-------+----------+-------------------------------------------
     0 | D:1      | OfficialHLT the Minotaur Fighter began the quest for the
                  | Orb.
     0 | D:1      | Reached XP level 1. HP: 19/19 MP: 0/0
   130 | D:1      | Reached XP level 2. HP: 27/27 MP: 1/1
   314 | D:1      | Reached skill level 4 in Shields
   356 | D:1      | Reached XP level 3. HP: 33/33 MP: 2/2
   765 | D:2      | Reached XP level 4. HP: 18/40 MP: 3/3
  1092 | D:2      | Found a shadowy altar of Dithmenos.
  1649 | D:3      | Reached XP level 5. HP: 44/46 MP: 4/4
  1688 | D:3      | Reached skill level 5 in Shields
  1724 | D:3      | Found an ancient bone altar of Kikubaaqudgha.
  1897 | D:3      | Noticed Grinder
  1910 | D:3      | Slain by Grinder

Skill      XL: |  1  2  3  4  5 |
---------------+----------------+-----
Fighting       | 4 |  4.3
Armour         | 4 |  4.8
Shields        | 4 5 |  5.0
Axes           | 3 4 |  4.5
Dodging        | |  0.1

Action                   |  1- 3 |  4- 6 || total
-------------------------+-------+-------++-------
Melee: War axe           |    60 |    60 ||   120
       Headbutt          |    12 |    10 ||    22
Throw: Stone             |     1 |       ||     1
  Use: Potion            |     2 |     1 ||     3
       Scroll            |     1 |       ||     1
  Eat: Ration            |       |     1 ||     1
Armor: Scale mail        |     7 |       ||     7
       Chain mail        |     9 |    13 ||    22
Dodge: Dodged            |    34 |    30 ||    64
Block: Shield            |    35 |    46 ||    81
